Map: Abyssal Reef LE

Players

Elazer - Winner!

  • Race: Zerg Zerg
  • Spawn Location: 5:00

Serral

  • Race: Zerg Zerg
  • Spawn Location: 11:00

Event: WCS Montreal 2017

VOD

Have the link to the VOD?

Description

Time

  • Played on: Sept. 9, 2017, 6:06 p.m.
  • Length: 12:01

All games in this series

Show
View Real Time Build Order
Export as new Build Order

Elazer Zerg - Winner!

Build Orders: Hatch First 

Get SALT Encoding   

  12  0:02  Drone  
  13  0:12  Overlord  
  13  0:16  Drone  
  14  0:30  Drone x2  
  14  0:34  Drone  
  17  0:52  Hatchery  
  17  0:54  Drone  
  17  1:07  Spawning Pool  
  17  1:10  Extractor  
  15  1:12  Drone  
  15  1:15  Drone  
  17  1:19  Drone  
  18  1:28  Drone  
  19  1:40  Overlord  
  19  1:50  Drone  
  19  1:54  Queen  
  20  2:00  Zergling x2  
  23  2:03  Queen  
  23  2:04  Zergling x2  
  26  2:09  Metabolic Boost  
  26  2:12  Drone  
  26  2:14  Drone  
  28  2:22  Drone  
  29  2:26  Drone  
  30  2:36  Hatchery  
  29  2:43  Queen  
  31  2:46  Drone  
  31  2:48  Drone  
  33  2:53  Overlord  
  33  2:56  Drone  
  34  2:59  Drone  
  34  3:04  Drone  
  36  3:12  Zergling x10  
  41  3:14  Zergling x2  
  41  3:19  Overlord  
  42  3:20  Zergling x2  
  43  3:28  Drone  
  43  3:32  Roach Warren  
  44  3:34  Drone  
  44  3:38  Drone  
  44  3:40  Drone  
  46  3:45  Drone  
  46  3:46  Drone x2  
  47  3:49  Overlord  
  47  3:50  Drone  
  47  3:56  Drone  
  47  3:57  Drone  
  47  3:58  Drone x2  
  47  3:59  Drone  
  51  4:04  Overlord  
  51  4:06  Extractor  
  51  4:07  Drone, Evolution Chamber  
  49  4:11  Zergling x2  
  49  4:14  Queen  
  52  4:17  Zergling x4  
  52  4:20  Roach  
  52  4:23  Roach  
  57  4:27  Roach  
  63  4:31  Roach x3  
  63  4:33  Zergling x2  
  63  4:35  Overlord  
  66  4:41  Drone x3  
  68  4:45  Overlord  
  68  4:46  Drone  
  68  4:48  Drone  
  68  4:51  Drone x2  
  70  4:57  Lair  
  70  4:58  Drone  
  71  5:02  Drone x2  
  71  5:03  Drone  
  75  5:07  Drone x2  
  75  5:09  Drone  
  75  5:13  Drone x2  
  72  5:17  Drone  
  72  5:18  Drone  
  72  5:19  Drone  
  74  5:22  Zerg Missile Weapons Level 1  
  74  5:23  Drone  
  74  5:29  Overlord  
  74  5:30  Drone  
  74  5:34  Drone x2  
  75  5:36  Extractor  
  75  5:37  Extractor  
  75  5:39  Overlord  
  75  5:40  Drone x2  
  75  5:42  Drone  
  75  5:48  Overlord  
  75  5:49  Drone  
  76  5:53  Roach  
  76  5:56  Roach  
  80  5:59  Roach x3  
  80  6:01  Evolution Chamber  
  85  6:06  Evolution Chamber  
  85  6:07  Roach x3  
  90  6:11  Evolution Chamber  
  90  6:14  Overlord  
  90  6:15  Drone  
  86  6:18  Overlord  
  86  6:22  Overlord  
  86  6:23  Drone x3  
  86  6:24  Drone, Glial Reconstitution  
  86  6:25  Drone x2  
  90  6:30  Overlord  
  90  6:31  Drone x2  
  90  6:32  Zerg Ground Armor Level 1  
  91  6:35  Drone x2  
  93  6:41  Drone  
  93  6:44  Extractor, Drone x3  
  93  6:46  Drone x2  
  93  6:47  Drone, Overseer  
  99  6:48  Drone  
  100  6:56  Roach x4  
  108  7:03  Hatchery  
  108  7:06  Roach x2  
  111  7:12  Overlord  
  111  7:16  Roach x4  
  111  7:20  Zerg Missile Weapons Level 2  
  119  7:22  Overlord  
  119  7:23  Roach  
  119  7:29  Ravager x3  
  124  7:30  Ravager  
  124  7:31  Drone  
  124  7:32  Extractor, Drone x3  
  128  7:39  Roach x4  
  128  7:41  Unknown  
  136  7:47  Overlord  
  136  7:48  Roach x5  
  146  7:54  Overlord  
  146  7:57  Tunneling Claws  
  146  8:00  Overlord  
  146  8:10  Roach  
  146  8:11  Roach x6  
  152  8:17  Roach  
  152  8:18  Roach x4  
  160  8:23  Burrow  
  160  8:26  Roach x2  
  160  8:31  Roach x3  
  166  8:36  Roach x3  
  166  8:39  Overlord  
  166  8:40  Overlord x2  
  172  8:42  Ravager  
  172  8:47  Roach  
  175  8:55  Ravager  
  176  9:12  Roach  
  176  9:13  Roach x7  
  184  9:23  Roach  
  184  9:24  Roach x12  
  192  9:28  Roach  
  192  9:29  Queen, Roach x2  
  186  9:38  Roach  
  186  9:39  Roach x11  
  186  9:44  Roach x2  
  194  9:47  Ravager x3  
  194  9:51  Roach x3  
  200  9:53  Overseer  
  198  10:08  Roach x3  
  198  10:13  Roach x8  
  200  10:20  Roach x3  
  200  10:25  Hydralisk Den  
  187  10:37  Roach  
  187  10:38  Roach x5  
  177  10:45  Roach x5  
  173  10:51  Roach x3  
  165  10:59  Roach x9  
  165  11:00  Roach  
  179  11:04  Roach x3  
  179  11:10  Roach x3  
  163  11:12  Roach x5  
  163  11:16  Roach x3  
  163  11:17  Roach x2  
  166  11:22  Roach x3  
  167  11:29  Roach x3  
  167  11:32  Roach  
  173  11:34  Roach  
  173  11:35  Roach x4  
  173  11:38  Roach  
  173  11:39  Roach x2  
Show
View Real Time Build Order
Export as new Build Order

Serral Zerg 

Build Orders: Hatch First 

Get SALT Encoding   

  12  0:00  Drone  
  13  0:12  Overlord  
  13  0:17  Drone  
  14  0:31  Drone x2  
  17  0:35  Drone  
  17  0:52  Hatchery  
  17  0:55  Drone  
  17  0:58  Drone  
  18  1:09  Extractor  
  17  1:12  Spawning Pool  
  17  1:16  Drone  
  17  1:19  Drone  
  18  1:28  Drone  
  19  1:41  Overlord  
  19  1:51  Drone  
  20  1:59  Queen  
  20  2:00  Zergling x2  
  23  2:03  Queen  
  23  2:04  Zergling x2  
  26  2:08  Metabolic Boost  
  26  2:11  Drone  
  27  2:16  Drone  
  29  2:22  Drone  
  29  2:27  Drone  
  30  2:38  Hatchery  
  30  2:39  Drone  
  30  2:46  Baneling Nest  
  30  2:48  Drone  
  30  2:52  Drone  
  30  2:55  Overlord  
  30  2:58  Drone  
  32  2:59  Zergling x2  
  33  3:07  Drone x2  
  33  3:08  Drone  
  36  3:15  Drone x3  
  36  3:17  Drone  
  40  3:21  Overlord  
  40  3:26  Zergling x4  
  42  3:30  Baneling  
  42  3:37  Zergling x4  
  42  3:38  Baneling  
  44  3:45  Zergling x10  
  44  3:46  Zergling x2  
  44  3:47  Baneling  
  44  3:48  Baneling  
  48  3:50  Queen  
  48  3:54  Evolution Chamber  
  49  4:01  Drone x3  
  49  4:02  Drone x2  
  52  4:06  Drone  
  52  4:12  Drone x2  
  52  4:15  Drone  
  54  4:20  Extractor  
  54  4:21  Zerg Missile Weapons Level 1  
  54  4:23  Drone x2  
  54  4:24  Drone, Roach Warren  
  56  4:25  Drone  
  56  4:29  Overlord  
  56  4:31  Overlord  
  56  4:36  Drone x2  
  58  4:42  Baneling x2  
  57  4:47  Overlord  
  57  4:49  Extractor  
  55  4:53  Overlord  
  55  5:05  Roach x6  
  55  5:06  Overlord x2  
  66  5:07  Drone x2  
  66  5:11  Overlord  
  66  5:15  Extractor  
  66  5:18  Drone  
  66  5:19  Drone x5  
  71  5:23  Zergling x6  
  71  5:24  Zergling x2  
  74  5:30  Zergling x4  
  74  5:31  Zergling x6  
  74  5:33  Drone x3  
  78  5:37  Overlord  
  78  5:41  Overlord, Drone  
  77  5:43  Lair  
  77  5:49  Drone  
  78  5:50  Extractor  
  78  5:54  Roach x2  
  81  6:00  Roach x3  
  87  6:05  Drone x3  
  89  6:13  Drone  
  89  6:16  Overlord  
  89  6:17  Drone x2  
  89  6:19  Overlord  
  89  6:20  Drone x2  
  89  6:22  Drone x2  
  89  6:24  Drone  
  90  6:30  Extractor  
  90  6:31  Ravager, Roach x2  
  90  6:32  Ravager x3  
  96  6:36  Hatchery  
  95  6:42  Zerg Missile Weapons Level 2  
  95  6:44  Glial Reconstitution  
  95  6:45  Roach x2  
  95  6:46  Roach  
  101  6:50  Overseer  
  101  6:51  Drone x2  
  101  6:52  Drone  
  104  6:54  Overlord  
  104  6:59  Roach  
  104  7:00  Roach x5  
  116  7:04  Roach x2  
  116  7:05  Roach  
  122  7:09  Unknown  
  122  7:16  Overlord  
  122  7:17  Roach  
  122  7:18  Roach x4  
  132  7:24  Roach  
  132  7:29  Overlord  
  134  7:36  Roach  
  136  7:37  Roach x7  
  150  7:45  Hydralisk Den  
  150  7:46  Overlord  
  150  7:48  Roach x3  
  155  7:55  Queen  
  155  7:56  Overlord  
  157  7:58  Overlord x2  
  157  7:59  Overlord x3  
  148  8:14  Muscular Augments  
  148  8:15  Hydralisk  
  148  8:16  Hydralisk x5  
  158  8:21  Drone x2  
  158  8:24  Ravager  
  158  8:25  Hydralisk  
  158  8:26  Hydralisk  
  165  8:27  Overseer  
  165  8:28  Overseer  
  165  8:32  Drone x2  
  165  8:33  Overseer  
  167  8:38  Hydralisk x3  
  173  8:44  Roach x3  
  179  8:52  Overlord  
  179  8:53  Drone x2  
  181  9:00  Roach  
  181  9:01  Roach x5  
  189  9:09  Infestation Pit  
  158  9:25  Roach x7  
  158  9:26  Roach x6  
  176  9:33  Overseer  
  176  9:35  Roach x8  
  172  9:49  Infestor  
  174  9:54  Roach  
  174  9:55  Roach x8  
  174  9:58  Overlord  
  192  10:00  Overlord  
  192  10:02  Overlord  
  192  10:05  Overseer x2  
  190  10:13  Overlord x2  
  190  10:14  Overlord x3  
  178  10:24  Roach x3  
  169  10:37  Roach x7  
  158  10:46  Roach x5  
  141  10:51  Hydralisk  
  131  10:57  Hydralisk x4  
  131  10:58  Hydralisk x2  
  131  10:59  Roach  
  140  11:09  Infestor x2  
  140  11:10  Roach  
  140  11:11  Roach x2  
  133  11:25  Hatchery  
  131  11:33  Ravager  
  131  11:34  Overseer  
  131  11:38  Roach  
  131  11:39  Roach x4  
Tags
 
Add a new tag
Caveats
  • Supply blocks, unpowered buildings, or Contaminate may cause inaccurate times.
  • Supply counts are checked every 10 seconds.